 Dungeon Crawl Stone Soup version 0.31-a0-1036-g31867e143a (webtiles) character file.

Game seed: 2775780303441077078

6900 Silenceoftheyaks the Geomancer (level 10, -4/71 (73) HPs)
             Began as a Demonspawn Earth Elementalist on Nov 19, 2023.
             Was a High Priest of Okawaru.
             Slain by a +3 war axe of chaos (22 damage)
             ... on level 10 of the Dungeon.
             The game lasted 00:27:35 (11590 turns).

Silenceoftheyaks the Geomancer (DsEE)              Turns: 11590, Time: 00:27:35

HP:   -4/71 (73)    AC:  6    Str:  5      XL:     10   Next: 79%
MP:   2/21          EV: 13    Int: 19 (20) God:    Okawaru [*****.]
Gold: 529           SH:  0    Dex: 13 (14) Spells: 15/23 levels left

rFire   . . .        D - +2 falchion (flame)
rCold   + . .        F - orb {*channel}
rNeg    . . .        j - +0 robe of Disaster {rElec rC+ Str-4}
rPois   +            (helmet restricted)
rElec   +            y - +0 cloak
rCorr   .            c - +0 pair of gloves
SInv    .            (no boots)
Will    +....        (no amulet)
Stlth   ++           O - ring of willpower
HPRegen 0.31/turn    K - ring of poison resistance
MPRegen 0.17/turn

%: channel magic (20%)
@: mighty, studying Air Magic, lightly drained
A: horns 1, slimy green scales 1, (demonic guardian 2), ignite blood 1
a: Renounce Religion, Heroism, Finesse, Duel


You were on level 10 of the Dungeon.
You worshipped Okawaru.
Okawaru was extremely pleased with you.
You visited 1 branch of the dungeon, and saw 10 of its levels.

You collected 610 gold pieces.
You spent 81 gold pieces at shops.

Inventory:

Hand Weapons
 x - a +4 quarterstaff of chaos
 D - a +2 falchion of flaming (weapon)
Missiles
 J - 8 curare-tipped darts
Armour
 a - a +0 robe
 c - a +0 pair of gloves (worn)
 j - the +0 robe of Disaster (worn) {rElec rC+ Str-4}
   (You found it on level 4 of the Dungeon)

   Str-4:     It affects your strength (-4).
   rC+:       It protects you from cold.
   rElec:     It insulates you from electricity.
 m - a +0 helmet
 y - a +0 cloak (worn)
 F - an orb of energy (worn)
Jewellery
 e - a ring of protection from cold
 h - an amulet of guardian spirit
 K - a ring of poison resistance (right hand)
 O - a ring of willpower (left hand)
Wands
 q - a wand of acid (5)
 s - a wand of flame (2)
 A - a wand of polymorph (12)
 C - a wand of mindburst (19)
 L - a wand of digging (3)
Scrolls
 d - 5 scrolls of teleportation
 i - 2 scrolls of revelation
 n - a scroll of identify
 o - 3 scrolls of vulnerability
 p - 2 scrolls of torment
 u - a scroll of enchant armour
 v - a scroll of brand weapon
 w - 2 scrolls of immolation
 B - 2 scrolls of fog
 E - a scroll of silence
 H - a scroll of fear
Potions
 b - a potion of magic
 f - 2 potions of haste
 g - 4 potions of might
 k - 4 potions of berserk rage
 l - a potion of brilliance {unknown}
 r - 3 potions of attraction
 t - a potion of resistance
 z - 4 potions of enlightenment
 G - a potion of invisibility
 M - a potion of cancellation {unknown}
 N - 2 potions of curing


   Skills:
 + Level 4.7 Fighting
 * Level 6.2 Long Blades
 + Level 4.8 Dodging
 - Level 2.0 Stealth
 - Level 7.4 Spellcasting
 - Level 5.1 Conjurations
 - Level 1.0 Transmutations
 - Level 9.0 Earth Magic
 + Level 1.7 Evocations


You had 15 spell levels left.
You knew the following spells:

 Your Spells              Type           Power      Damage    Failure   Level
a - Sandblast             Erth           82%        2d17      2%          1
b - Stone Arrow           Conj/Erth      66%        3d11      7%          3
c - Brom's Barrelling Bo  Conj/Erth      33%        2d5       16%         4

Your spell library contained the following spells:

 Spells                   Type           Power      Damage    Failure   Level
 Passwall                 Tmut/Erth      21%        N/A       8%          2
 Shock                    Conj/Air       64%        1d7       12%         1
 Slow                     Hex            28%        N/A       24%         1
 Petrify                  Tmut/Erth      26%        N/A       28%         4
 Ensorcelled Hibernation  Hex/Ice        14%        N/A       32%         2
 Jinxbite                 Hex            14%        N/A       32%         2
 Ignite Poison            Fire/Tmut/Pois 8%         N/A       47%         3
 Confusing Touch          Hex            7%         N/A       50%         3
 Sigil of Binding         Hex            7%         N/A       50%         3
 Swiftness                Air            7%         N/A       50%         3
 Vampiric Draining        Necr           7%         2d6       50%         3
 Sticky Flame             Conj/Fire      16%        2d4       56%         4
 Airstrike                Air            3%         2d(1-17)  85%         4
 Anguish                  Hex/Necr       3%         N/A       85%         4
 Ignition                 Fire           3%         3d4       100%        8
 Lehudib's Crystal Spear  Conj/Erth      16%        10d5      100%        8
 Animate Armour           Summ/Erth      Unusable   N/A       N/A         4

Dungeon Overview and Level Annotations

Branches:
Dungeon (10/15)            Temple (0/1) D:6             Orc (0/2) D:10
   Lair: D:8-11

Altars:
Makhleb
Okawaru
Vehumet
Xom

Shops:
D:5 *   D:10 (


Innate Abilities, Weirdness & Mutations

You have a pair of small horns on your head.
You are partially covered in slimy green scales. (AC +2)
((A demonic guardian rushes to your aid.))
Your demonic aura sometimes causes spilled blood to erupt in flames.


Message History

The +3 war axe of chaos is severely damaged.
Your boulder is destroyed!
Aiming: Corrosive Bolt
Press: ? - help, Shift-Dir - straight line, f/p - +3 war axe of chaos
Aim: a +3 war axe of chaos (severely damaged, 43% to hit)
The bolt of acid misses the +3 war axe of chaos.
Aiming: Throw Flame
Press: ? - help, Shift-Dir - straight line, f/p - +3 war axe of chaos
Aim: a +3 war axe of chaos (severely damaged, 43% to hit)
The puff of flame misses the +3 war axe of chaos.
Casting: Brom's Barrelling Boulder (dangerous; 16% risk of failure)
Confirm with . or Enter, or press ? or * to list all spells.
Aiming: Sandblast (safe; 2% risk of failure)
Press: ? - help, Shift-Dir - straight line, f/p - +3 war axe of chaos
Aim: a +3 war axe of chaos (severely damaged, 69% to hit)
The blast of sand hits the +3 war axe of chaos but does no damage.
The +3 war axe of chaos is severely damaged.
The +3 war axe of chaos hits you.
You feel very mighty all of a sudden.
Casting: Sandblast (safe; 2% risk of failure)
Confirm with . or Enter, or press ? or * to list all spells.
Aiming: Sandblast (safe; 2% risk of failure)
Press: ? - help, Shift-Dir - straight line, f/p - +3 war axe of chaos
Aim: a +3 war axe of chaos (severely damaged, 69% to hit)
The blast of sand hits the +3 war axe of chaos!
The +3 war axe of chaos is almost destroyed.
The +3 war axe of chaos hits you. The +3 war axe of chaos hits you!
You feel drained.
Casting: Sandblast (safe; 2% risk of failure)
Confirm with . or Enter, or press ? or * to list all spells.
Aiming: Sandblast (safe; 2% risk of failure)
Press: ? - help, Shift-Dir - straight line, f/p - +3 war axe of chaos
Aim: a +3 war axe of chaos (almost destroyed, 69% to hit)
The blast of sand hits the +3 war axe of chaos but does no damage.
The +3 war axe of chaos is almost destroyed.
Magical energy flows into your mind! The +3 war axe of chaos hits you!
The +3 war axe of chaos hits you!!
* * * LOW HITPOINT WARNING * * *
You convulse!!
You die...

...........##..#.......)..#######
.......#..##......#........#.....
.....<...###.....................
.........#[##....................
.###.....(_.#..........#.........
.# #.....#W##..........##........
.# #.....###.....#...............
..##....°........##.........##...
.##............(@#...............
.##..#................##.#####...
....##............#####...#......
#... #.............###...........
..##.##..................###....#
..##....................####.#..#
#.#..................#####...##.#
...#.##.#....[........#......#...
...#..####............W....###.#.


You could see a +3 war axe of chaos.

Vanquished Creatures
  The ghost of kskgo the Nimble, a journeyman DjFE of Dithmenos (D:10)
  Sonja (D:10)
  A gargoyle (D:9)
  A kobold demonologist (D:10)
  A troll (D:10)
  3 wyverns
  3 yaks (D:6)
  2 water moccasins
  A black bear (D:6)
  2 ice beasts
  A sky beast (D:6)
  3 orc warriors (D:10)
  4 ogres
  5 centaurs
  A phantom (D:6)
  2 kobold brigands (D:8)
  4 bullfrogs
  A gnoll sergeant (D:9)
  3 scorpions
  3 wights (D:9)
  4 jellies
  A crimson imp (D:8)
  8 howler monkeys
  Crazy Yiuf (D:5)
  4 hounds
  3 gnoll boudas
  Natasha (D:3)
  2 sleepcaps (D:7)
  Ijyb (D:3)
  Terence (D:3)
  2 iguanas
  9 orc wizards
  Robin (D:3)
  7 adders
  20 gnolls
  A shadow imp (D:8)
  2 white imps
  A dart slug (D:2)
  A worm (D:2)
  15 orcs
  8 bats
  5 endoplasms
  9 hobgoblins
  3 jackals (D:1)
  33 kobolds
  3 quokkas
  9 ball pythons
  2 frilled lizards
  15 goblins
  8 rats
223 creatures vanquished.

Vanquished Creatures (collateral kills)
  Grinder (D:3)
  3 boulders (D:10)
4 creatures vanquished.

Vanquished Creatures (others)
  An orc wizard (D:7)
  2 boulders (D:10)
3 creatures vanquished.

Grand Total: 230 creatures vanquished

Notes
Turn   | Place    | Note
-------+----------+-------------------------------------------
     0 | D:1      | Silenceoftheyaks the Demonspawn Earth Elementalist began
                  | the quest for the Orb.
     0 | D:1      | Reached XP level 1. HP: 13/13 MP: 3/3
   132 | D:1      | Reached skill level 1 in Transmutations
   392 | D:1      | Gained mutation: Your demonic aura sometimes causes spilled
                  | blood to erupt in flames. [demonic ancestry]
   392 | D:1      | Reached XP level 2. HP: 19/19 MP: 3/5
   518 | D:1      | Reached skill level 3 in Earth Magic
  1271 | D:2      | Gained mutation: A weak demonic guardian rushes to your
                  | aid. [demonic ancestry]
  1271 | D:2      | Reached XP level 3. HP: 24/24 MP: 3/6
  1703 | D:2      | Learned a level 3 spell: Stone Arrow
  1787 | D:2      | Gained mutation: A demonic guardian rushes to your aid.
                  | [demonic ancestry]
  1787 | D:2      | Reached XP level 4. HP: 24/30 MP: 3/8
  2142 | D:3      | Noticed Ijyb
  2211 | D:3      | Noticed Grinder
  2228 | D:3      | Noticed Terence
  2291 | D:3      | Killed Terence
  2292 | D:3      | Reached skill level 1 in Conjurations
  2571 | D:3      | Killed Grinder
  2572 | D:3      | Reached skill level 4 in Earth Magic
  2572 | D:3      | Reached XP level 5. HP: 29/35 MP: 5/10
  2572 | D:3      | Reached XP level 6. HP: 34/41 MP: 5/11
  2900 | D:3      | Noticed Robin
  2917 | D:3      | Killed Robin
  3011 | D:3      | Found a faded altar of an unknown god.
  3021 | D:3      | Prayed at the altar of an unknown god.
  3021 | D:3      | Became a worshipper of Warmaster Okawaru
  3021 | D:3      | Reached * piety under Okawaru
  3240 | D:3      | Killed Ijyb
  3426 | D:4      | Noticed Natasha
  3443 | D:3      | Killed Natasha
  3624 | D:4      | Identified the +0 robe of Disaster {rElec rC+ Str-4}
  3738 | D:4      | Gained mutation: You are partially covered in slimy green
                  | scales. (AC +2) [demonic ancestry]
  3738 | D:4      | Reached XP level 7. HP: 46/46 MP: 9/13
  3984 | D:4      | Reached skill level 5 in Earth Magic
  4315 | D:5      | Entered Level 5 of the Dungeon
  4346 | D:5      | Found a runed translucent door.
  4347 | D:5      | Noticed Crazy Yiuf
  4369 | D:5      | Found Piep's Assorted Antiques.
  4378 | D:5      | Bought a scroll labelled PUCSYPNIFA for 27 gold pieces
  4378 | D:5      | Bought a scroll labelled NEOZ RO YGUCSO for 27 gold pieces
  4378 | D:5      | Bought a scroll labelled VARU BOSCHEOST for 27 gold pieces
  4757 | D:5      | Reached skill level 5 in Spellcasting
  5051 | D:5      | Reached ** piety under Okawaru
  5052 | D:5      | Gained mutation: You have a pair of small horns on your
                  | head. [demonic ancestry]
  5052 | D:5      | Reached XP level 8. HP: 52/52 MP: 10/16
  5435 | D:5      | Reached skill level 5 in Conjurations
  5530 | D:5      | Reached skill level 6 in Earth Magic
  5672 | D:5      | Learned a level 4 spell: Brom's Barrelling Boulder
  5914 | D:5      | Killed Crazy Yiuf
  6250 | D:6      | Reached skill level 7 in Earth Magic
  6253 | D:6      | Reached *** piety under Okawaru
  6403 | D:6      | Reached XP level 9. HP: 56/57 MP: 14/18
  6484 | D:6      | Identified the +1 chain mail of True Grit {+Blink rElec
                  | rF+}
  6581 | D:6      | Reached skill level 8 in Earth Magic
  6692 | D:6      | Found a staircase to the Ecumenical Temple.
  7740 | D:7      | Reached **** piety under Okawaru
  7741 | D:7      | Reached skill level 9 in Earth Magic
  8374 | D:8      | Reached skill level 1 in Fighting
  8374 | D:8      | Reached skill level 1 in Long Blades
  9167 | D:8      | Identified the +3 spear "Ysusmecaell" {speed, rF+}
  9439 | D:8      | Found a radiant altar of Vehumet.
  9440 | D:8      | Found a burning altar of Makhleb.
  9823 | D:9      | Reached XP level 10. HP: 64/68 MP: 5/21
 10056 | D:9      | Noticed a gargoyle
 10062 | D:9      | Killed a gargoyle
 10062 | D:9      | Reached ***** piety under Okawaru
 10705 | D:10     | Entered Level 10 of the Dungeon
 10705 | D:10     | Noticed Sonja
 10711 | D:10     | Killed Sonja
 10853 | D:10     | Reached skill level 5 in Long Blades
 11348 | D:10     | Found a runed translucent door.
 11349 | D:10     | Found a shimmering altar of Xom.
 11349 | D:10     | Noticed kskgo's ghost (journeyman DjFE)
 11350 | D:10     | Noticed a +3 war axe of chaos
 11355 | D:10     | Found Ruwas's Weapon Shoppe.
 11355 | D:10     | Found a staircase to the Orcish Mines.
 11426 | D:10     | Killed kskgo's ghost
 11427 | D:10     | Reached skill level 1 in Evocations
 11590 | D:10     | Slain by a +3 war axe of chaos

Illustrated notes

Levels and vault maps discovered:
D:1:      nzn_arrival_water_spiral, layout_loops_corners
D:2:      layout_loops_ring
D:3:      layout_loops_corners, hellmonk_ecumenical_altar_arch_garden,
          minivault_4, uniq_ijyb, uniq_terence, uniq_robin, uniq_grinder
D:4:      layout_gridville, uniq_natasha
D:5:      layout_loops_corners, serial_shops, nicolae_shop_dealshenge,
          minmay_checkerbox, uniq_crazy_yiuf_cottage
D:6:      layout_loops_corners, temple_pool_b
D:7:      layout_loops_corners
D:8:      kennysheep_kobold_camp, layout_basic,
          grunt_temple_overflow_lords_of_destruction
D:9:      layout_irregular_city
D:10:     layout_cave_pools, orc_david_3, ebering_ghost_xom, uniq_sonja

Skill      XL: |  1  2  3  4  5  6  7  8  9 10 |
---------------+-------------------------------+-----
Transmutations | 1 |  1.0
Stealth        | 2 |  2.0
Earth Magic    | 3 4 5 7 9 |  9.0
Spellcasting   | 3 4 5 6 7 |  7.4
Conjurations   | 2 3 4 5 |  5.1
Dodging        | 3 4 |  4.8
Fighting       | 2 4 |  4.7
Long Blades    | 3 6 |  6.2
Evocations     | 1 |  1.7

Action                     |  1- 3 |  4- 6 |  7- 9 | 10-12 || total
---------------------------+-------+-------+-------+-------++-------
  Melee: Unarmed           |     8 |     4 |       |       ||    12
         Quarterstaff      |       |       |     4 |       ||     4
         Headbutt          |       |       |    16 |     5 ||    21
         Falchion          |       |       |    92 |    28 ||   120
   Cast: Sandblast         |    59 |    77 |   131 |    22 ||   289
         Stone Arrow       |       |       |    48 |    47 ||    95
         Brom's Barrelling |       |       |       |     6 ||     6
  Evoke: Wand              |       |       |     2 |     6 ||     8
    Use: Scroll            |       |     5 |    14 |     3 ||    22
         Potion            |       |     2 |       |     2 ||     4
   Stab: Sleeping          |       |       |     1 |       ||     1
 Armour: Robe              |    22 |    37 |   101 |    43 ||   203
  Dodge: Dodged            |    22 |    19 |   129 |    37 ||   207

Table legend: (Time is in decaauts)
 A = Elapsed time spent in this place.
 B = Non-inter-level travel time spent in this place.
 C = Inter-level travel time spent in this place.
 D = Time resting spent in this place.
 E = Time spent auto-exploring this place.
 F = Levels seen in this place.
 G = Mean time per level.
                   A        B        C        D        E       F      G
               +--------+--------+--------+--------+--------+-----+--------+
         Total |  11752 |  11394 |    358 |    994 |   8727 |  10 | 1175.2 |
       Dungeon |  11752 |  11394 |    358 |    994 |   8727 |  10 | 1175.2 |
               +--------+--------+--------+--------+--------+-----+--------+

Top non-repeatable levels by time:
     D:5: 1712 daAuts
     D:3: 1450 daAuts
     D:8: 1410 daAuts
     D:1: 1316 daAuts
     D:6: 1245 daAuts
     D:9: 1174 daAuts
     D:7: 1087 daAuts
     D:2: 851 daAuts
     D:4: 765 daAuts
    D:10: 737 daAuts
